 Dungeon Crawl Stone Soup version 0.27.1-34-g3ba077fa99 (webtiles) character file.

Game seed: 133168127415985897

2068 DemonSlayer the Chopper (level 9, -10/67 HPs)
             Began as a Demonspawn Berserker on Jan 6, 2022.
             Was a Priest of Trog.
             Shot with a bolt by an orc warrior (12 damage)
             ... in a bailey.
             The game lasted 00:14:12 (7253 turns).

DemonSlayer the Chopper (Demonspawn Berserker)      Turns: 7253, Time: 00:14:13

Health: -10/67     AC: 11    Str: 20    XL:     9   Next: 5%
Magic:  9/9        EV: 10    Int:  9    God:    Trog [***...]
Gold:   329        SH:  0    Dex: 13    Spells: 8/8 levels left

rFire    . . .     SeeInvis .   o - +0 war axe (elec)
rCold    . . .     Faith    .   (no shield)
rNeg     . . .     Spirit   .   y - +0 chain mail
rPois    .         Reflect  .   a - +1 helmet
rElec    .         Harm     .   (no cloak)
rCorr    .         Rampage  .   (no gloves)
Will     .....                  (no boots)
Stlth    ..........             (no amulet)
HPRegen  0.21/turn              i - ring of flight
MPRegen  0.11/turn              (no ring)

@: on berserk cooldown, flying, slowed, very slow
A: talons 1, demonic guardian 2, powered by death 1, sturdy frame 2
a: Renounce Religion, Berserk, Trog's Hand


You were in a bailey.
You worshipped Trog.
Trog was most pleased with you.
You visited 1 branch of the dungeon, and saw 9 of its levels.
You also visited: Ossuary and Bailey.

You collected 329 gold pieces.

Inventory:

Hand Weapons
 o - a +0 war axe of electrocution (weapon)
Missiles
 c - 8 boomerangs (quivered)
Armour
 a - a +1 helmet (worn)
 y - a +0 chain mail (worn)
Jewellery
 i - a ring of flight (left hand)
Wands
 e - a wand of iceblast (8)
 j - a wand of flame (23)
 n - a wand of digging (4)
 x - a wand of paralysis (6)
Scrolls
 f - a scroll of fear
 r - 5 scrolls of teleportation
 t - 2 scrolls of enchant armour
 u - a scroll of blinking
 z - 2 scrolls of identify
Potions
 b - 2 potions of ambrosia {unknown}
 d - a potion of haste
 g - 3 potions of might {unknown}
 h - 2 potions of flight {unknown}
 k - a potion of magic {unknown}
 p - 2 potions of brilliance {unknown}
 q - 2 potions of heal wounds {unknown}
 s - 2 potions of curing {unknown}
 v - a potion of mutation {unknown}
 w - a potion of attraction {unknown}


   Skills:
 + Level 4.9 Fighting
 + Level 7.4 Axes
 + Level 5.0 Throwing
 + Level 4.7 Armour
 + Level 3.0 Dodging
 + Level 2.0 Stealth


You had 8 spell levels left.
You didn't know any spells.
Your spell library was empty.

Dungeon Overview and Level Annotations

Branches:
Dungeon (9/15)             Temple (0/1) D:5         Ossuary (visited)
 Bailey (1/1)
   Lair: D:8-11         Orc: D:9-12

Altars:
Ashenzari
Kikubaaqudgha
Makhleb
Okawaru
Sif Muna
Trog
Xom
Yredelemnul

Annotations:
D:5 3 runed translucent doors, KittyFluff's ghost, novice GrBe


Innate Abilities, Weirdness & Mutations

You have sharp toenails.
A demonic guardian rushes to your aid.
You regenerate a little health from kills.
Your movements are less encumbered by armour. (ER -4)


Message History

An orc and an orc warrior come into view.
Found a gate leading back out of this place.
The orc warrior shouts!
The orc shoots a bolt.
The bolt barely misses your ice devil. The bolt completely misses you.
The orc warrior shoots a bolt.
The bolt hits your ice devil!
An orc comes into view. It is wielding a +0 arbalest.
The orc shouts!
The orc warrior shoots a bolt.
The bolt barely misses your ice devil. The bolt hits you!!
You are too injured to fight recklessly!
You are too injured to fight recklessly!
A red film seems to cover your vision as you go berserk!
You feel yourself moving faster!
You feel mighty!
The orc warrior shoots a bolt.
The bolt hits you but does no damage.
The orc shoots a bolt.
The bolt barely misses you.
The orc warrior shoots a bolt.
The bolt hits your ice devil!
You feel a strong urge to attack something.
The orc warrior shoots a bolt.
The bolt hits you!
* * * LOW HITPOINT WARNING * * *
A demonic guardian appears!
The orc shoots a bolt.
The bolt barely misses you.
The orc warrior shoots a bolt.
The bolt closely misses you.
You slash the orc!
You kill the orc!
Trog accepts your kill.
The orc warrior shoots a bolt.
The bolt hits you!
* * * LOW HITPOINT WARNING * * *
You closely miss the orc warrior. You claw the orc warrior.
The orc warrior is lightly wounded.
You are no longer berserk.
You are exhausted.
You feel yourself slow down.
The orc warrior shoots a bolt.
The bolt hits you!
* * * LOW HITPOINT WARNING * * *
The orc shoots a bolt.
The bolt barely misses you.
Okay, then.
Blink to where?
Press: ? - help, Dir - move target, p - orc warrior
As you read the scroll of blinking, it crumbles to dust.
The orc warrior shoots a bolt.
The bolt hits you!
You die...

#......≈..^..≈........
#......≈##.∩#≈........
#......≈≈#.#.≈......#
#.......≈≈≈≈≈....####
#...............##
............##
...........#
..........##
.........@#
..........#
..........#
..........# ##
..........##..#
..............#
......4.4.....#
....≈≈≈≈§o....#
...≈≈#o#.≈....#


You could see an orc warrior (ally target) and 2 friendly ice devils.

Vanquished Creatures
  A wyvern (D:8)
  A water moccasin (D:9)
  An ice beast (D:6)
  An orc warrior (Bailey)
  A necrophage (D:6)
  3 black bears (D:6)
  A centaur (D:5)
  An ogre (D:5)
  An elf zombie (Ossuary)
  2 bullfrogs
  2 scorpions
  A water moccasin skeleton (D:4)
  A wight (D:6)
  A centaur zombie (D:8)
  A bullfrog zombie (D:5)
  3 hounds
  Ijyb (D:3)
  Jessica (D:2)
  An iguana (D:6)
  3 orc wizards
  A hound zombie (D:5)
  A hound skeleton (D:4)
  3 mummies (Ossuary)
  5 adders
  A white imp (D:6)
  An adder skeleton (D:4)
  3 adder zombies (Ossuary)
  2 worms
  6 dart slugs
  16 orcs
  2 ball pythons
  2 bats
  2 endoplasms
  2 giant cockroaches
  6 goblins
  4 hobgoblins
  5 quokkas
  2 frilled lizards
  3 gnoll zombies (Ossuary)
  A goblin zombie (Ossuary)
  2 hobgoblin zombies (Ossuary)
  3 kobolds
  4 kobold zombies (Ossuary)
  A quokka zombie (Ossuary)
  6 rats
  3 rat zombies (Ossuary)
115 creatures vanquished.

Vanquished Creatures (collateral kills)
  A sky beast (D:7)
  An ogre (D:5)
  2 orcs (Bailey)
  A kobold (D:7)
5 creatures vanquished.

Vanquished Creatures (others)
  A wizard (D:8)
  5 fungi (D:3)
  13 plants
19 creatures vanquished.

Grand Total: 139 creatures vanquished

Notes
Turn   | Place    | Note
-------+----------+-------------------------------------------
     0 | D:1      | DemonSlayer the Demonspawn Berserker began the quest for
                  | the Orb.
     0 | D:1      | Reached XP level 1. HP: 18/18 MP: 1/1
   436 | D:1      | Reached skill level 3 in Axes
   446 | D:1      | Gained mutation: A weak demonic guardian rushes to your
                  | aid. [demonic ancestry]
   446 | D:1      | Reached XP level 2. HP: 8/24 MP: 2/2
  1406 | D:2      | Reached XP level 3. HP: 29/29 MP: 3/3
  1467 | D:2      | Noticed Jessica
  1472 | D:2      | Killed Jessica
  1555 | D:2      | Found a broken altar of Ashenzari.
  1932 | D:3      | Found a burning altar of Makhleb.
  2174 | D:3      | Noticed Ijyb
  2182 | D:3      | Killed Ijyb
  2183 | D:3      | Gained mutation: You have sharp toenails. [demonic
                  | ancestry]
  2183 | D:3      | Reached XP level 4. HP: 35/35 MP: 4/4
  2521 | D:3      | Reached ** piety under Trog
  2579 | D:3      | Found a faded altar of an unknown god.
  2606 | D:3      | Reached skill level 1 in Throwing
  2951 | D:3      | Noticed a blizzard demon
  2954 | D:3      | Noticed a ynoxinul
  2954 | D:3      | Noticed an orange demon
  3134 | D:4      | Reached skill level 4 in Axes
  3155 | D:4      | Gained mutation: Your movements are slightly less
                  | encumbered by armour. (ER -2) [demonic ancestry]
  3155 | D:4      | Reached XP level 5. HP: 39/41 MP: 5/5
  3172 | D:4      | Found a sand-covered staircase.
  3176 | Ossuary  | Entered an ossuary
  3472 | Ossuary  | Reached skill level 1 in Stealth
  3551 | Ossuary  | Reached XP level 6. HP: 47/47 MP: 6/6
  3628 | D:4      | Found a shimmering altar of Xom.
  3671 | D:4      | Reached *** piety under Trog
  3672 | D:4      | Reached skill level 5 in Axes
  3718 | D:4      | Found an ancient bone altar of Kikubaaqudgha.
  4647 | D:4      | Gained mutation: A demonic guardian rushes to your aid.
                  | [demonic ancestry]
  4647 | D:4      | Reached XP level 7. HP: 50/53 MP: 7/7
  4745 | D:5      | Entered Level 5 of the Dungeon
  4900 | D:5      | Found a basalt altar of Yredelemnul.
  4900 | D:5      | Found an iron altar of Okawaru.
  5043 | D:5      | Noticed a yak
  5044 | D:5      | Found a runed translucent gate.
  5044 | D:5      | Found a runed translucent gate.
  5044 | D:5      | Found a runed translucent gate.
  5044 | D:5      | Noticed KittyFluff's ghost (novice GrBe)
  5259 | D:5      | Found a staircase to the Ecumenical Temple.
  5769 | D:6      | Reached skill level 6 in Axes
  5769 | D:6      | Gained mutation: You regenerate a little health from kills.
                  | [demonic ancestry]
  5769 | D:6      | Reached XP level 8. HP: 46/60 MP: 8/8
  6122 | D:6      | Found a shimmering blue altar of Sif Muna.
  6379 | D:6      | You are sucked into a shaft and drop 3 floors!
  6690 | D:8      | Reached skill level 7 in Axes
  6776 | D:8      | Found a bloodstained altar of Trog.
  6777 | D:8      | Noticed a wizard
  6782 | D:8      | Killed a wizard
  6899 | D:7      | Found a flagged portal.
  6919 | D:7      | Gained mutation: Your movements are less encumbered by
                  | armour. (ER -4) [demonic ancestry]
  6919 | D:7      | Reached XP level 9. HP: 59/67 MP: 9/9
  6932 | Bailey   | Entered a bailey
  7175 | Bailey   | Reached skill level 5 in Throwing
  7252 | Bailey   | HP: 1/67 [orc warrior/bolt (10)]
  7253 | Bailey   | Shot with a bolt by an orc warrior

Illustrated notes

Levels and vault maps discovered:
D:1:      zaba_arrival_water, layout_loops_ring, hangedman_feature_mirror,
          nrook_mini_vaults, st_stairs_2, bh_walls_and_bars
D:2:      layout_loops_ring, basic_altar, serial_park_tiny_2, uniq_jessica
D:3:      layout_basic, makhleb_altar_promises_db,
          shapermc_ecumenical_altar_mp_ritualfount, grunt_decor_fettered,
          chequers_avenue, uniq_ijyb
D:4:      layout_loops_ring, mainiacjoe_overflow_catwalk_spiral, enter_ossuary_5
D:5:      layout_cave_pools, grunt_temple_overflow_open,
          minmay_temple_entry_trees, gammafunk_ghost_split,
          kennysheep_cross_room, guppyfry_early_lair_pool
D:6:      layout_rooms, led_sif_book, minmay_door_square, minmay_bent
D:7:      layout_loops_corners, nicolae_gozag_seed_capital, enter_bailey_6
D:8:      layout_loops_cross, mainiacjoe_overflow_big_doors, trog_wizard,
          kb_rosetta, uniq_joseph
D:9:      layout_roguey, uniq_maurice
Bailey:   bailey_polearm_2, bailey

Skill      XL: |  1  2  3  4  5  6  7  8  9 |
---------------+----------------------------+-----
Axes           | 3 4 5 6 7 |  7.4
Dodging        | 2 3 |  3.0
Armour         | 2 3 4 |  4.7
Throwing       | 1 3 4 5 |  5.0
Stealth        | 1 2 |  2.0
Fighting       | 4 |  4.9

Action                   |  1- 3 |  4- 6 |  7- 9 || total
-------------------------+-------+-------+-------++-------
Melee: Hand axe          |    68 |    20 |       ||    88
       War axe           |       |   122 |   107 ||   229
       Kick              |       |    52 |    39 ||    91
Throw: Boomerang         |    16 |    26 |    89 ||   131
Invok: Berserk           |     3 |     3 |     2 ||     8
  Use: Scroll            |       |     6 |     9 ||    15
Armor: Animal skin       |     4 |       |       ||     4
       Ring mail         |    14 |    29 |       ||    43
       Chain mail        |       |    32 |    92 ||   124
Dodge: Dodged            |    33 |    63 |    66 ||   162
